NCAA
RUTGERS SCARLET KNIGHTS @ OKLAHOMA SOONERS
05/17/2027
 
TOP OF THE 1ST
Rutgers Scarlet Knights batting - Pitching for Oklahoma Sooners : RHP Frank Simmons
Pitching: RHP Frank Simmons
Batting: LHB Dave Watkins 0-0: Ball
1-0: Ball
2-0: Ball
3-0: Base on Balls
Batting: RHB Joe Roberts 0-0: Ball
1-0: Ball
2-0: Ball
3-0: Called Strike
3-1: Fly out, F9 (Flyball, 9S)
Batting: SHB Woody Stanley 0-0: Called Strike
0-1: Ball
1-1: Called Strike
Dave Watkins steals 2nd base
1-2: Foul Ball, location: 2F
1-2: Foul Ball, location: 2F
1-2: Ball
2-2: Ball
3-2: Foul Ball, location: 2F
3-2: Ground out 4-3 (Groundball, 34)
Dave Watkins to third
Batting: LHB Carlos Hernández 0-0: Swinging Strike
0-1: Ball
1-1: Foul Ball, location: 2F
1-2: Foul Ball, location: 2F
1-2: 2-RUN HOME RUN (Flyball, 8RXD), Distance : 404 ft
Batting: RHB Howard Battle 0-0: Ball
1-0: Ground out 1-3 (Groundball, P)
Top of the 1st over - 2 run(s), 1 hit(s), 0 error(s), 0 left on base; Rutgers 2 - Oklahoma 0
BOTTOM OF THE 1ST
Oklahoma Sooners batting - Pitching for Rutgers Scarlet Knights : LHP Gary Fox
Pitching: LHP Gary Fox
Batting: LHB Larry Wright 0-0: Called Strike
0-1: Foul Ball, location: 2F
0-2: Strikes out swinging
Batting: SHB Allen King 0-0: Called Strike
0-1: Ball
1-1: Called Strike
1-2: Ball
2-2: Foul Ball, location: 2F
2-2: Foul Ball, location: 2F
2-2: Ground out 6-3 (Groundball, 6)
Batting: RHB Rafael Barajas 0-0: Called Strike
0-1: Called Strike
0-2: Ball
1-2: Ball
2-2: Strikes out looking
Bottom of the 1st over - 0 run(s), 0 hit(s), 0 error(s), 0 left on base; Rutgers 2 - Oklahoma 0
TOP OF THE 2ND
Rutgers Scarlet Knights batting - Pitching for Oklahoma Sooners : RHP Frank Simmons
Batting: LHB Zander Rutherford 0-0: Ball
1-0: Called Strike
1-1: Foul Ball, location: 2F
1-2: Strikes out swinging
Batting: RHB Norm Gunn 0-0: Foul Ball, location: 2F
0-1: Called Strike
0-2: Ground out 1-3 (Groundball, P)
Batting: RHB Eric Green 0-0: Ball
1-0: Called Strike
1-1: Ball
2-1: Ball
3-1: Base on Balls
Batting: RHB Jesús León 0-0: Ball
Eric Green steals 2nd base
1-0: Foul Ball, location: 2F
1-1: Ball
2-1: Ball
Wild Pitch!
Eric Green to third
3-1: SINGLE (Line Drive, 8LS)
Eric Green scores
Batting: LHB Dave Watkins 0-0: Ball
1-0: Ball
2-0: Ground out U3 (Groundball, 3L)
Top of the 2nd over - 1 run(s), 1 hit(s), 0 error(s), 1 left on base; Rutgers 3 - Oklahoma 0
BOTTOM OF THE 2ND
Oklahoma Sooners batting - Pitching for Rutgers Scarlet Knights : LHP Gary Fox
Batting: RHB Albert Morán 0-0: Ball
1-0: Ground out 6-3 (Groundball, 6)
Batting: RHB Sidney Boyd 0-0: Called Strike
0-1: Swinging Strike
0-2: Ball
1-2: Ball
2-2: Strikes out looking
Batting: RHB Andrés Macíal 0-0: Ball
1-0: Called Strike
1-1: Ball
2-1: Ball
3-1: Foul Ball, location: 2F
3-2: Base on Balls
Batting: RHB Martín Rodríguez 0-0: Ball
1-0: Fly out, F9 (Flyball, 89M)
Bottom of the 2nd over - 0 run(s), 0 hit(s), 0 error(s), 1 left on base; Rutgers 3 - Oklahoma 0
TOP OF THE 3RD
Rutgers Scarlet Knights batting - Pitching for Oklahoma Sooners : RHP Frank Simmons
Batting: RHB Joe Roberts 0-0: Ball
1-0: Ball
2-0: Bunt for hit - play at first, batter OUT! 1-3
Batting: SHB Woody Stanley 0-0: Called Strike
0-1: Foul Ball, location: 2F
0-2: Ball
1-2: Strikes out swinging
Batting: LHB Carlos Hernández 0-0: Called Strike
0-1: Ball
1-1: Fly out, F7 (Flyball, 7)
Top of the 3rd over - 0 run(s), 0 hit(s), 0 error(s), 0 left on base; Rutgers 3 - Oklahoma 0
BOTTOM OF THE 3RD
Oklahoma Sooners batting - Pitching for Rutgers Scarlet Knights : LHP Gary Fox
Batting: RHB Elliott Crouch 0-0: Called Strike
0-1: Called Strike
0-2: Ground out 6-3 (Groundball, 6)
Batting: SHB José Rojas 0-0: Ball
1-0: Called Strike
1-1: Fly out, F8 (Flyball, 8RXD)
Batting: LHB Larry Wright 0-0: Called Strike
0-1: Ground out U3 (Groundball, 34)
Bottom of the 3rd over - 0 run(s), 0 hit(s), 0 error(s), 0 left on base; Rutgers 3 - Oklahoma 0
TOP OF THE 4TH
Rutgers Scarlet Knights batting - Pitching for Oklahoma Sooners : RHP Frank Simmons
Batting: RHB Howard Battle 0-0: Called Strike
0-1: Swinging Strike
0-2: Fly out, F9 (Flyball, 9)
Batting: LHB Zander Rutherford 0-0: Ball
1-0: Called Strike
1-1: Foul Ball, location: 2F
1-2: Ball
2-2: Ball
3-2: Strikes out looking
Batting: RHB Norm Gunn 0-0: Called Strike
0-1: Swinging Strike
0-2: Ball
1-2: Strikes out swinging
Top of the 4th over - 0 run(s), 0 hit(s), 0 error(s), 0 left on base; Rutgers 3 - Oklahoma 0
BOTTOM OF THE 4TH
Oklahoma Sooners batting - Pitching for Rutgers Scarlet Knights : LHP Gary Fox
Batting: SHB Allen King 0-0: Called Strike
0-1: Called Strike
0-2: Fly out, F7 (Line Drive, 7)
Batting: RHB Rafael Barajas 0-0: Ball
1-0: Foul Ball, location: 2F
1-1: Foul Ball, location: 2F
1-2: Foul Ball, location: 2F
1-2: Ball
2-2: SINGLE (Groundball, 34D)
Batting: RHB Albert Morán 0-0: Called Strike
0-1: Ball
1-1: Ball
2-1: Swinging Strike
2-2: Ball
3-2: Strikes out swinging
Batting: RHB Sidney Boyd 0-0: Foul Ball, location: 2F
0-1: Ball
1-1: Swinging Strike
1-2: Ground out 6-3 (Groundball, 6MD)
Bottom of the 4th over - 0 run(s), 1 hit(s), 0 error(s), 1 left on base; Rutgers 3 - Oklahoma 0
TOP OF THE 5TH
Rutgers Scarlet Knights batting - Pitching for Oklahoma Sooners : RHP Frank Simmons
Batting: RHB Eric Green 0-0: Ball
1-0: Ball
2-0: Called Strike
2-1: Foul Ball, location: 2F
2-2: Foul Ball, location: 2F
2-2: Hit by Pitch
Batting: RHB Jesús León 0-0: Ball
1-0: Swinging Strike
1-1: Ball
2-1: Swinging Strike
2-2: Strikes out swinging
Pitching: RHP Neil Adams
Batting: LHB Dave Watkins 0-0: Ball
1-0: Ball
2-0: Foul Ball, location: 2F
2-1: Called Strike
2-2: Strikes out swinging
Batting: RHB Joe Roberts 0-0: Ball
1-0: Fly out, F9 (Flyball, 89M)
Top of the 5th over - 0 run(s), 0 hit(s), 0 error(s), 1 left on base; Rutgers 3 - Oklahoma 0
BOTTOM OF THE 5TH
Oklahoma Sooners batting - Pitching for Rutgers Scarlet Knights : LHP Gary Fox
Batting: RHB Andrés Macíal 0-0: Fly out, F9 (Flyball, 9LSF)
Batting: RHB Martín Rodríguez 0-0: Fly out, F7 (Flyball, 7)
Batting: RHB Elliott Crouch 0-0: SINGLE (Flyball, 4D) - OUT at second base trying to stretch hit.
Bottom of the 5th over - 0 run(s), 1 hit(s), 0 error(s), 0 left on base; Rutgers 3 - Oklahoma 0
TOP OF THE 6TH
Rutgers Scarlet Knights batting - Pitching for Oklahoma Sooners : RHP Neil Adams
Batting: SHB Woody Stanley 0-0: Ball
1-0: Swinging Strike
1-1: Ball
2-1: Foul Ball, location: 2F
2-2: Ground out 6-3 (Groundball, 6)
Batting: LHB Carlos Hernández 0-0: SINGLE (Line Drive, 4D)
Batting: RHB Howard Battle 0-0: Grounds into double play, 4-6-3 (Groundball, 4)
Top of the 6th over - 0 run(s), 1 hit(s), 0 error(s), 0 left on base; Rutgers 3 - Oklahoma 0
BOTTOM OF THE 6TH
Oklahoma Sooners batting - Pitching for Rutgers Scarlet Knights : LHP Gary Fox
Batting: SHB José Rojas 0-0: Ball
1-0: Foul Ball, location: 2F
1-1: Foul Ball, location: 2F
1-2: Ball
2-2: Strikes out swinging
Batting: LHB Larry Wright 0-0: Foul Ball, location: 2F
0-1: Swinging Strike
0-2: Ball
1-2: Foul Ball, location: 2F
1-2: Strikes out swinging
Batting: SHB Allen King 0-0: Ground out 6-3 (Groundball, 6)
Bottom of the 6th over - 0 run(s), 0 hit(s), 0 error(s), 0 left on base; Rutgers 3 - Oklahoma 0
TOP OF THE 7TH
Rutgers Scarlet Knights batting - Pitching for Oklahoma Sooners : RHP Neil Adams
Batting: LHB Zander Rutherford 0-0: Called Strike
0-1: Ball
1-1: Ball
2-1: Ball
3-1: Base on Balls
Batting: RHB Norm Gunn 0-0: SINGLE (Groundball, 56D)
Zander Rutherford to second
Batting: RHB Eric Green 0-0: Sac Bunt - play at first, batter OUT! 1-3
Zander Rutherford to third
Norm Gunn to second
Batting: RHB Jesús León 0-0: Ball
1-0: Ground out 4-3 (Groundball, 34)
Batting: LHB Dave Watkins 0-0: SINGLE (Line Drive, 8RS)
Zander Rutherford scores
Norm Gunn to third
Runner from 3rd tries for Home, SAFE, no throw
Batting: RHB Joe Roberts 0-0: Ball
1-0: SINGLE (Line Drive, 89S)
Dave Watkins to second
Runner from 2nd tries for 3rd, SAFE, no throw
Batting: SHB Woody Stanley 0-0: Called Strike
0-1: Swinging Strike
0-2: Ball
1-2: Foul Ball, location: 2F
1-2: Ball
2-2: Foul Ball, location: 2F
2-2: Foul Ball, location: 2F
2-2: Ball
3-2: Foul Ball, location: 2F
3-2: Foul Ball, location: 2F
3-2: Ground out 4-3 (Groundball, 4D)
Top of the 7th over - 2 run(s), 3 hit(s), 0 error(s), 2 left on base; Rutgers 5 - Oklahoma 0
BOTTOM OF THE 7TH
Oklahoma Sooners batting - Pitching for Rutgers Scarlet Knights : LHP Gary Fox
Batting: RHB Rafael Barajas 0-0: Ball
1-0: Ball
2-0: Called Strike
2-1: Ball
3-1: Called Strike
3-2: DOUBLE (Line Drive, 7LM)
Batting: RHB Albert Morán 0-0: Ball
1-0: Swinging Strike
1-1: Ball
2-1: Swinging Strike
2-2: Foul Ball, location: 2F
2-2: Strikes out swinging
Pitching: RHP Billy Corbett
Batting: RHB Sidney Boyd 0-0: Ball
1-0: Foul Ball, location: 2F
1-1: Ball
2-1: Foul Ball, location: 2F
2-2: Foul Ball, location: 2F
2-2: Strikes out swinging
Batting: RHB Andrés Macíal 0-0: Ball
1-0: Foul Ball, location: 2F
1-1: Ball
2-1: Ball
3-1: Base on Balls
Batting: RHB Martín Rodríguez 0-0: Ball
Wild Pitch!
Rafael Barajas to third
Andrés Macíal to second
1-0: Ball
2-0: Ball
3-0: Called Strike
3-1: Base on Balls
Batting: RHB Elliott Crouch 0-0: Called Strike
0-1: Ball
1-1: Foul Ball, location: 2F
1-2: Strikes out looking
Bottom of the 7th over - 0 run(s), 1 hit(s), 0 error(s), 3 left on base; Rutgers 5 - Oklahoma 0
TOP OF THE 8TH
Rutgers Scarlet Knights batting - Pitching for Oklahoma Sooners : RHP Neil Adams
Batting: LHB Carlos Hernández 0-0: Foul Ball, location: 2F
0-1: Ground out 4-3 (Groundball, 4)
Pitching: RHP Casey Henry
Batting: RHB Howard Battle 0-0: Called Strike
0-1: Called Strike
0-2: Strikes out swinging
Batting: LHB Zander Rutherford 0-0: Called Strike
0-1: Foul Ball, location: 2F
0-2: Ball
1-2: Ball
2-2: Foul Ball, location: 2F
2-2: Strikes out swinging
Top of the 8th over - 0 run(s), 0 hit(s), 0 error(s), 0 left on base; Rutgers 5 - Oklahoma 0
BOTTOM OF THE 8TH
Oklahoma Sooners batting - Pitching for Rutgers Scarlet Knights : RHP Billy Corbett
Batting: SHB José Rojas 0-0: Ball
1-0: Ground out 1-3 (Groundball, 13)
Batting: LHB Larry Wright 0-0: Swinging Strike
0-1: Swinging Strike
0-2: Foul Ball, location: 2F
0-2: Ball
1-2: Fly out, F2 (Popup, 3S)
Batting: SHB Allen King 0-0: Ball
1-0: Swinging Strike
1-1: Ball
2-1: Ball
3-1: Base on Balls
Batting: RHB Rafael Barajas 0-0: Fielders Choice at 2nd, U6 (Groundball, 6M)
Bottom of the 8th over - 0 run(s), 0 hit(s), 0 error(s), 1 left on base; Rutgers 5 - Oklahoma 0
TOP OF THE 9TH
Rutgers Scarlet Knights batting - Pitching for Oklahoma Sooners : RHP Casey Henry
Batting: RHB Norm Gunn 0-0: Ball
1-0: DOUBLE (Line Drive, 8LD)
Pitching: RHP Bob Pate
Batting: RHB Eric Green 0-0: Foul Ball, location: 2F
0-1: Foul Ball, location: 2F
0-2: Ball
1-2: SINGLE (Flyball, 7S)
Norm Gunn to third
Batting: RHB Jesús León 0-0: Ball
1-0: Ball
2-0: Ball
3-0: Base on Balls
Eric Green to second
Batting: LHB Dave Watkins 0-0: Called Strike
0-1: Ball
1-1: SINGLE (Line Drive, 4D)
Norm Gunn scores
Eric Green to third
Jesús León to second
Batting: RHB Joe Roberts 0-0: Ball
1-0: Ball
2-0: Ball
3-0: Called Strike
3-1: DOUBLE (Line Drive, 7LM)
Eric Green scores
Jesús León scores
Dave Watkins to third
Batting: SHB Woody Stanley 0-0: Called Strike
0-1: Ball
1-1: SINGLE (Groundball, 15) (infield hit)
Batting: LHB Carlos Hernández 0-0: Hit by Pitch
Dave Watkins scores
Joe Roberts to third
Woody Stanley to second
Batting: RHB Howard Battle 0-0: Foul Ball, location: 2F
0-1: Ball
1-1: Swinging Strike
1-2: Strikes out looking
Batting: LHB Zander Rutherford 0-0: Ball
1-0: Ball
2-0: Ball
3-0: Base on Balls
Joe Roberts scores
Woody Stanley to third
Carlos Hernández to second
Pitching: RHP Ken Tabb
Pinch Hitting: RHB Chris Barker 0-0: Called Strike
0-1: Swinging Strike
0-2: Strikes out looking
Batting: RHB Eric Green 0-0: Called Strike
0-1: Foul Ball, location: 2F
0-2: Ball
1-2: Foul Ball, location: 2F
1-2: SINGLE (Line Drive, 6D)
Woody Stanley scores
Carlos Hernández to third
Zander Rutherford to second
Runner from 3rd tries for Home, SAFE, throw made home
Batting: RHB Jesús León 0-0: SINGLE (Flyball, 9LM)
Zander Rutherford to third
Eric Green to second
Runner from 3rd tries for Home, SAFE, no throw
Batting: LHB Dave Watkins 0-0: Ball
1-0: Ball
2-0: Ball
3-0: Called Strike
3-1: Foul Ball, location: 2F
3-2: Strikes out looking
Top of the 9th over - 8 run(s), 7 hit(s), 0 error(s), 2 left on base; Rutgers 13 - Oklahoma 0
BOTTOM OF THE 9TH
Oklahoma Sooners batting - Pitching for Rutgers Scarlet Knights : RHP Billy Corbett
Now at C: Chris Barker
Batting: RHB Albert Morán 0-0: Ground out 6-3 (Groundball, 6S)
Batting: RHB Sidney Boyd 0-0: Ball
1-0: Ball
2-0: Called Strike
2-1: DOUBLE (Line Drive, 7LS)
Batting: RHB Andrés Macíal 0-0: Fly out, F5 (Line Drive, 56)
Batting: RHB Martín Rodríguez 0-0: Ball
1-0: Ball
2-0: Foul Ball, location: 2F
2-1: Foul Ball, location: 2F
2-2: SINGLE (Line Drive, 8RS)
Sidney Boyd to third
Runner from 3rd tries for Home, SAFE, throw made home
Batting: RHB Elliott Crouch 0-0: Ball
1-0: Ball
2-0: Swinging Strike
2-1: Called Strike
2-2: Foul Ball, location: 2F
2-2: Strikes out looking
Bottom of the 9th over - 1 run(s), 2 hit(s), 0 error(s), 1 left on base; Rutgers 13 - Oklahoma 1
Thursday, March 30th, 2017 - OOTP Baseball 17.12 Build 75